 Dungeon Crawl Stone Soup version 0.21-a0-260-g9b2435e (webtiles) character file.

136490 zero the Executioner (level 16, -2/155 HPs)
             Began as a Minotaur Berserker on Sept 7, 2017.
             Was a High Priest of Trog.
             Killed from afar by a shock serpent (20 damage)
             ... with a bolt of electricity
             ... on level 2 of the Snake Pit.
             The game lasted 01:03:07 (26271 turns).

zero the Executioner (Minotaur Berserker)          Turns: 26271, Time: 01:03:07

Health: -2/155     AC: 34    Str: 27    XL:     16   Next: 66%
Magic:  19/19      EV: 18    Int:  1    God:    Trog [*****.]
Gold:   1652       SH:  0    Dex: 12    Spells: 15/15 levels left

rFire    . . .     SeeInvis .   I - +6 executioner's axe (flame)
rCold    . . .     Gourm    +   (shield currently unavailable)
rNeg     + . .     Faith    .   R - +3 plate armour {MR+}
rPois    +         Spirit   .   L - +2 hat
rElec    .         Reflect  .   Q - +3 cloak of Agnosticism {rPois MR+++ Int-3 Stlth-}
rCorr    .         Harm     .   F - +2 pair of gloves
MR       +++++                  k - +2 pair of boots
Stlth    ..........             X - amulet of the gourmand
HPRegen  1.35/turn              V - ring of positive energy
MPRegen  0.16/turn              B - +5 ring of evasion

@: lethally poisoned (-2 -> -2), berserk cooldown, regenerating, slowed, very
slow
A: retaliatory headbutt, horns 2
a: Berserk, Trog's Hand, Brothers in Arms, Burn Spellbooks, Renounce Religion


You were on level 2 of the Snake Pit.
You worshipped Trog.
Trog was extremely pleased with you.
You were full.

You visited 4 branches of the dungeon, and saw 25 of its levels.
You also visited: Labyrinth and Bailey.

You collected 2379 gold pieces.
You spent 727 gold pieces at shops.

Inventory:

Hand Weapons
 a - a +1 blowgun
 I - a +6 executioner's axe of flaming (weapon)
Missiles
 i - 139 poisoned needles
 u - 12 curare-tipped needles
Armour
 k - a +2 pair of boots (worn)
 F - a +2 pair of gloves (worn)
 L - a +2 hat (worn)
 P - a +0 large shield
 Q - the +3 cloak of Agnosticism (worn) {rPois MR+++ Int-3 Stlth-}
   (You found it on level 1 of the Lair of Beasts)

   It affects your intelligence (-3).
   It protects you from poison.
   It affects your resistance to hostile enchantments.
   It makes you less stealthy.
 R - a +3 plate armour of magic resistance (worn)
Jewellery
 m - an uncursed ring of protection from cold
 s - an uncursed ring of teleportation
 B - a +5 ring of evasion (right hand)
 E - an uncursed ring of magical power {unknown}
 J - a +3 ring of protection {unknown}
 N - an uncursed amulet of guardian spirit
 V - a ring of positive energy (left hand)
 X - an amulet of the gourmand (around neck)
 Y - an uncursed ring of see invisible
Wands
 b - a wand of confusion (26/48)
 v - a wand of flame (44/48)
 x - a wand of digging (21/24)
 y - a wand of acid (9/15)
 M - a wand of digging (11/24)
 W - a wand of acid (10/15)
 Z - a wand of digging (11/24)
Scrolls
 p - 7 scrolls of remove curse
 r - 7 scrolls of identify
 t - 7 scrolls of teleportation
 A - a scroll of recharging
 C - 3 scrolls of fear
 G - a scroll of magic mapping
 H - a scroll of brand weapon
 K - 4 scrolls of blinking
Potions
 d - 2 potions of resistance
 e - 3 potions of invisibility
 h - 8 potions of brilliance
 j - 10 potions of heal wounds
 l - a potion of cancellation
 n - 2 potions of might
 o - 5 potions of flight
 q - 4 potions of curing
 w - 4 potions of ambrosia
 z - 2 potions of haste
 O - a potion of degeneration {unknown}
 T - a potion of agility
Comestibles
 c - 18 bread rations
 f - a royal jelly
 g - 5 fruits


   Skills:
 - Level 17.5 Fighting
 + Level 21.3 Axes
 + Level 16.3 Armour
 * Level 10.5 Dodging
 - Level 6.1 Evocations


You had 15 spell levels left.
You didn't know any spells.

Dungeon Overview and Level Annotations

Branches:
Dungeon (15/15)            Temple (0/1) D:5            Lair (6/6) D:11
  Swamp (0/4) Lair:2        Snake (2/4) Lair:2        Slime (0/5) Lair:5
    Orc (2/2) D:11            Elf (0/3) Orc:2        Vaults (0/5) D:14
 Depths (0/5) D:15

Altars:
Ashenzari
Elyvilon
Fedhas
Hepliaklqana
Makhleb
Nemelex Xobeh
Ru
Vehumet
Yredelemnul
Zin
Beogh

Shops:
D:11 %   Orc:2 ?([!   Snake:1 (?

Portals:
Trove: D:14 (show abyssal rune of Zot)

Annotations:
Snake:2 Vashnia


Innate Abilities, Weirdness & Mutations

You reflexively headbutt those who attack you in melee.
You have a pair of horns on your head.


Message History

The shock serpent is almost dead.
You slash the shock serpent! You burn the shock serpent.
The shock serpent's electric aura discharges, shocking you!
* * * LOW HITPOINT WARNING * * *
The shock serpent's electric aura discharges violently, shocking you!
You hear a shout!
The shock serpent barely misses you.
The shock serpent shoots out a bolt of lightning at you!
The bolt of electricity misses you. The shock serpent closely misses you.
The shock serpent shoots out a bolt of lightning at you!
The bolt of electricity misses you.
You closely miss the shock serpent.
The shock serpent is almost dead.
You slice the shock serpent!! You burn the shock serpent.
You kill the shock serpent!
Trog accepts your kill.
You feel sick.
The shock serpent shoots out a bolt of lightning at you!
The bolt of electricity hits you!
You die...

.........# ##..........
...T......## #..........
...........###..##......
................##......
................##......
........................
........................
......†.................
.......@................
.......S................
.##...(.................
........................
.......<................
.......................)
...>..................)(
.......................)
.............)


You could see a shock serpent and a friendly deep troll (berserk).

Vanquished Creatures
  Rupert (Snake:1)
  Kirke (D:12)
  2 orc warlords (Orc:2)
  The ghost of 4thArraOfDagon the Bludgeoner, a journeyman HuEn of Xom (Orc:2)
  An ogre mage (D:15)
  A minotaur (Lab)
  Josephine (Snake:1)
  A yaktaur captain (D:15)
  A vault guard (D:14)
  4 hydras
  4 naga warriors (Snake:2)
  6 centaur warriors
  2 tengu warriors
  A death knight (D:11)
  The ghost of Nico3ck the Basher, a novice MiBe of Trog (D:8)
  2 catoblepae
  4 anacondas
  9 two-headed ogres
  A queen ant (Lair:2)
  2 death yaks (Lair:4)
  Urug (Lair:2)
  Nergalle (D:12)
  5 orc high priests (Orc:2)
  3 shock serpents
  Sonja (D:14)
  7 naga sharpshooters
  2 deep elf knights
  A salamander mystic (Snake:2)
  2 unseen horrors
  A sea snake (Snake:2)
  A deep troll (D:15)
  3 wizards
  3 mana vipers (Snake:1)
  6 orc knights
  3 orc sorcerers
  5 harpies (D:14)
  Pikel (D:8)
  2 deep elf magi (Orc:2)
  A wolf spider (D:14)
  3 ugly things
  8 salamanders
  25 elephants
  3 cyclopes
  2 guardian serpents
  3 naga magi
  6 black mambas
  2 centaur skeletons
  3 centaur zombies
  A torpor snail (Lair:4)
  An ice statue (D:13)
  22 spiny frogs
  3 gargoyles
  5 rime drakes
  A kobold demonologist (D:14)
  4 komodo dragons
  2 ice devils (D:11)
  2 yaktaurs (D:15)
  2 tengu conjurers
  6 meliai
  9 trolls
  A polar bear (Lair:6)
  5 tyrant leeches (Lair:6)
  29 blink frogs
  6 slime creatures
  7 dream sheep (Lair:5)
  11 hippogriffs
  A spriggan (shapeshifter) (D:13)
  A spriggan (D:8)
  3 wraiths (Snake:1)
  39 yaks
  A vampire (D:11)
  The ghost of Mandevil the Poker, an amateur NaMo (D:4)
  2 basilisks
  4 hogs (D:12)
  2 wyverns
  2 steam dragons
  A hungry ghost (D:8)
  14 nagas
  14 vampire mosquitoes
  2 wargs (Orc:2)
  24 soldier ants
  21 water moccasins
  An acid dragon (D:12)
  8 porcupines
  4 ice beasts
  5 sky beasts
  3 eyes of draining
  41 orc warriors
  A black bear (D:12)
  2 slaves (D:8)
  2 phantoms
  9 ogres
  3 wolves (Lair:1)
  8 centaurs
  15 crocodiles
  5 big kobolds
  27 bullfrogs
  2 scorpions
  3 killer bees (D:7)
  4 electric eels
  6 howler monkeys
  11 crimson imps
  2 bullfrog zombies
  4 hounds
  8 jellies
  17 orc priests
  4 bullfrog skeletons
  24 orc wizards
  5 iguanas
  24 worker ants
  A hound zombie (D:5)
  A hound skeleton (D:7)
  A river rat (D:6)
  15 adders
  3 shadow imps
  A white imp (D:9)
  4 oozes
  3 adder zombies
  An adder skeleton (D:3)
  5 worms
  5 dart slugs
  7 leopard geckos
  106 orcs
  4 bats
  10 giant cockroaches
  8 goblins
  6 hobgoblins
  16 jackals
  6 quokkas
  3 ball pythons
  7 frilled lizards
  31 kobolds
  A leopard gecko skeleton (D:4)
  A quokka skeleton (D:4)
  7 rats (D:1)
  11 fungi
  17 plants
928 creatures vanquished.

Vanquished Creatures (collateral kills)
  2 naga sharpshooters (Snake:1)
  A slime creature (D:14)
  2 naga magi (Snake:2)
  A spiny frog (Lair:6)
  A kobold demonologist (D:14)
  2 trolls (D:14)
  2 yaks (Lair:6)
  2 nagas (Snake:2)
  2 water moccasins (Snake:1)
  A big kobold (D:14)
  A bullfrog (Lair:6)
  A howler monkey zombie (D:11)
  4 adders (Snake:1)
  A kobold (D:14)
23 creatures vanquished.

Vanquished Creatures (others)
  An unseen horror (D:15)
  24 fungi
  69 plants
94 creatures vanquished.

Grand Total: 1045 creatures vanquished

Notes
Turn   | Place    | Note
-------+----------+-------------------------------------------
     0 | D:1      | zero the Minotaur Berserker began the quest for the Orb.
     0 | D:1      | Reached XP level 1. HP: 19/19 MP: 0/0
    39 | D:1      | Reached skill level 4 in Axes
   122 | D:1      | Reached XP level 2. HP: 26/26 MP: 1/1
   392 | D:1      | Reached skill level 5 in Axes
   412 | D:1      | Reached XP level 3. HP: 23/31 MP: 2/2
   562 | D:1      | Reached ** piety under Trog
   886 | D:2      | Found a white marble altar of Elyvilon.
  1048 | D:2      | Found a sparkling altar of Nemelex Xobeh.
  1076 | D:2      | Found a hazy altar of Hepliaklqana.
  1357 | D:2      | Found a basalt altar of Yredelemnul.
  1459 | D:3      | Reached XP level 4. HP: 39/39 MP: 3/3
  1460 | D:3      | Reached skill level 6 in Axes
  1833 | D:3      | Found a shattered altar of Ashenzari.
  1865 | D:3      | Reached *** piety under Trog
  1964 | D:3      | Found a faded altar of an unknown god.
  2338 | D:4      | Noticed a centaur
  2342 | D:4      | Killed a centaur
  2342 | D:4      | Reached skill level 7 in Axes
  2342 | D:4      | Reached XP level 5. HP: 41/45 MP: 4/4
  2361 | D:4      | Reached skill level 8 in Axes
  2435 | D:4      | Reached XP level 6. HP: 43/51 MP: 5/5
  2443 | D:4      | Noticed Mandevil's ghost (amateur NaMo)
  2464 | D:4      | Killed Mandevil's ghost
  2464 | D:4      | Reached skill level 9 in Axes
  2965 | D:5      | Entered Level 5 of the Dungeon
  3176 | D:5      | Found a staircase to the Ecumenical Temple.
  3280 | D:5      | Reached XP level 7. HP: 57/57 MP: 6/6
  3293 | D:5      | Reached skill level 10 in Axes
  3572 | D:6      | Reached **** piety under Trog
  3591 | D:6      | Reached skill level 11 in Axes
  3657 | D:6      | Reached XP level 8. HP: 6/64 MP: 7/7
  3751 | D:6      | Reached skill level 12 in Axes
  4630 | D:6      | Reached skill level 13 in Axes
  4664 | D:6      | Found a glowing silver altar of Zin.
  5341 | D:7      | Found a radiant altar of Vehumet.
  5373 | D:7      | Reached XP level 9. HP: 62/70 MP: 8/8
  5452 | D:7      | Reached skill level 14 in Axes
  6028 | D:8      | Reached skill level 5 in Fighting
  6101 | D:8      | Noticed a cyan ugly thing
  6111 | D:8      | Killed a cyan ugly thing
  6188 | D:8      | Found a blossoming altar of Fedhas.
  6201 | D:8      | Reached ***** piety under Trog
  6217 | D:8      | Noticed a two-headed ogre
  6226 | D:8      | Killed a two-headed ogre
  6226 | D:8      | Reached skill level 15 in Axes
  6226 | D:8      | Reached XP level 10. HP: 46/88 MP: 9/9
  6718 | D:8      | Noticed Pikel
  6723 | D:8      | Noticed Nico3ck's ghost (novice MiBe)
  6735 | D:8      | Killed Pikel
  6751 | D:8      | Killed Nico3ck's ghost
  6939 | D:8      | Found a burning altar of Makhleb.
  6939 | D:8      | Found a sacrificial altar of Ru.
  7283 | D:9      | Reached skill level 16 in Axes
  7335 | D:9      | Reached skill level 10 in Fighting
  7432 | D:9      | Noticed a two-headed ogre
  7436 | D:9      | Killed a two-headed ogre
  7436 | D:9      | Received a gift from Trog
  7592 | D:9      | Noticed a two-headed ogre
  7601 | D:9      | Killed a two-headed ogre
  7601 | D:9      | Reached XP level 11. HP: 102/102 MP: 3/10
  7969 | D:10     | Entered Level 10 of the Dungeon
  8024 | D:10     | Noticed a two-headed ogre
  8031 | D:10     | Killed a two-headed ogre
  8193 | D:10     | Noticed a wizard
  8193 | D:10     | Noticed a two-headed ogre
  8207 | D:10     | Killed a two-headed ogre
  8207 | D:10     | Reached skill level 17 in Axes
  8210 | D:10     | Killed a wizard
  8289 | D:10     | Found a sparkling altar of Nemelex Xobeh.
  8309 | D:10     | Noticed a two-headed ogre
  8313 | D:10     | Killed a two-headed ogre
  8565 | D:11     | Noticed a two-headed ogre
  8571 | D:11     | Killed a two-headed ogre
  8905 | D:11     | Found a staircase to the Lair.
  8951 | D:11     | Noticed a death knight
  8972 | D:11     | Killed a death knight
  8972 | D:11     | Reached skill level 5 in Armour
  8972 | D:11     | HP: 6/159 [mirror damage (4)]
  8973 | D:11     | Found a staircase to the Orcish Mines.
  9329 | D:11     | Found a roughly hewn altar of Beogh.
  9435 | D:11     | Found Raiqu's Food Emporium.
  9449 | D:11     | Received a gift from Trog
  9457 | D:11     | Reached XP level 12. HP: 108/113 MP: 3/11
  9613 | D:11     | Noticed a centaur warrior
  9622 | D:11     | Killed a centaur warrior
  9932 | D:12     | Reached skill level 18 in Axes
  9993 | D:12     | Noticed Kirke
 10008 | D:12     | Killed Kirke
 10041 | D:12     | Noticed a centaur warrior
 10045 | D:12     | Killed a centaur warrior
 10151 | D:12     | Noticed an eight-headed hydra
 10158 | D:12     | Killed a six-headed hydra
 10237 | D:12     | Noticed Nergalle
 10242 | D:12     | Killed Nergalle
 10629 | Lair:1   | Entered Level 1 of the Lair of Beasts
 11455 | Lair:1   | Reached skill level 10 in Armour
 11472 | Lair:1   | Noticed an eight-headed hydra
 11479 | Lair:1   | Killed a five-headed hydra
 11640 | Lair:1   | Got an ichor-stained cloak
 11646 | Lair:1   | Identified the +3 cloak of Agnosticism {rPois MR+++ Int-3 Stlth-} (You found it on level 1 of the Lair of Beasts)
 12032 | Lair:2   | Reached XP level 13. HP: 113/123 MP: 12/12
 12230 | Lair:2   | Noticed Urug
 12240 | Lair:2   | Killed Urug
 12322 | Lair:2   | Found a staircase to the Snake Pit.
 12380 | Lair:2   | Received a gift from Trog
 12678 | Lair:2   | Found a staircase to the Swamp.
 13329 | Lair:3   | Reached skill level 19 in Axes
 13804 | Orc:1    | Entered Level 1 of the Orcish Mines
 13941 | Orc:2    | Entered Level 2 of the Orcish Mines
 14073 | Orc:2    | Found a roughly hewn altar of Beogh.
 14084 | Orc:2    | Reached ****** piety under Trog
 14084 | Orc:2    | Received a gift from Trog
 14168 | Orc:2    | Found a roughly hewn altar of Beogh.
 14186 | Orc:2    | Found Urchau's Magic Scroll Emporium.
 14193 | Orc:2    | Bought a scroll of enchant weapon for 112 gold pieces
 14193 | Orc:2    | Bought a scroll of teleportation for 45 gold pieces
 14225 | Orc:2    | Noticed 4thArraOfDagon's ghost (journeyman HuEn)
 14237 | Orc:2    | Killed 4thArraOfDagon's ghost
 14247 | Orc:2    | Found a staircase to the Elven Halls.
 14470 | Orc:2    | Found a roughly hewn altar of Beogh.
 14517 | Orc:2    | Noticed an orc warlord
 14520 | Orc:2    | Received a gift from Trog
 14520 | Orc:2    | Reached skill level 15 in Fighting
 14530 | Orc:2    | Killed an orc warlord
 14724 | Orc:2    | Found a roughly hewn altar of Beogh.
 14810 | Orc:2    | Found a roughly hewn altar of Beogh.
 14842 | Orc:2    | Found a roughly hewn altar of Beogh.
 14854 | Orc:2    | Reached XP level 14. HP: 134/135 MP: 13/13
 14868 | Orc:2    | Found Nenat's Distillery.
 14924 | Orc:2    | Found a roughly hewn altar of Beogh.
 15001 | Orc:2    | Noticed an orc warlord
 15019 | Orc:2    | Killed an orc warlord
 15028 | Orc:2    | Found Nipsueka's Antique Weapon Boutique.
 15285 | Orc:2    | Found Mosiara's Antique Armour Shop.
 15286 | Orc:2    | Found a roughly hewn altar of Beogh.
 15300 | Orc:2    | Bought a hat for 132 gold pieces
 15525 | Orc:1    | Received a gift from Trog
 15847 | D:13     | Found a labyrinth entrance.
 15870 | Lab      | Entered a labyrinth
 17094 | D:14     | Reached skill level 15 in Armour
 17129 | D:14     | Reached skill level 1 in Evocations
 17416 | D:14     | Found a flagged portal.
 17424 | Bailey   | Entered a bailey
 17491 | Bailey   | Received a gift from Trog
 17549 | Bailey   | Identified a scroll of acquirement
 18734 | D:14     | Found a gate to the Vaults.
 18737 | D:14     | Reached skill level 20 in Axes
 19059 | D:14     | Noticed Sonja
 19188 | D:14     | Found a portal to a secret trove of treasure.
 19248 | D:14     | Killed Sonja
 19341 | D:15     | Entered Level 15 of the Dungeon
 19348 | D:15     | Reached XP level 15. HP: 126/145 MP: 17/17
 19813 | D:15     | Found a staircase to the Depths.
 19953 | D:15     | Reached skill level 5 in Evocations
 20519 | Lair:4   | Received a gift from Trog
 20529 | Lair:4   | Got a transparent broad axe {god gift}
 20536 | Lair:4   | Identified the +2 broad axe "Famn" {flame, rPois Str-5 Int+3 Dex+5} (Trog gifted it to you on level 4 of the Lair of Beasts)
 21573 | Lair:5   | Found a staircase to the Slime Pits.
 22256 | Lair:6   | Entered Level 6 of the Lair of Beasts
 22540 | Lair:6   | Reached skill level 5 in Dodging
 22895 | Lair:6   | Received a gift from Trog
 23290 | Lair:6   | Reached XP level 16. HP: 155/155 MP: 19/19
 24017 | Snake:1  | Entered Level 1 of the Snake Pit
 24451 | Snake:1  | Found Goebo's Magic Scroll Shoppe.
 24451 | Snake:1  | Found Sorghyawi's Antique Weapon Emporium.
 24623 | Snake:1  | Bought a scroll of enchant weapon for 90 gold pieces
 24623 | Snake:1  | Bought a scroll of enchant armour for 90 gold pieces
 24623 | Snake:1  | Bought a scroll of enchant armour for 90 gold pieces
 24623 | Snake:1  | Bought a scroll of enchant armour for 90 gold pieces
 24623 | Snake:1  | Bought a scroll of teleportation for 36 gold pieces
 24623 | Snake:1  | Bought a scroll of magic mapping for 42 gold pieces
 24641 | Snake:1  | Noticed Josephine
 24644 | Snake:1  | Killed Josephine
 24644 | Snake:1  | Reached skill level 21 in Axes
 24721 | Snake:1  | Received a gift from Trog
 25240 | Snake:1  | Noticed Rupert
 25245 | Snake:1  | Killed Rupert
 26004 | Snake:2  | Reached skill level 10 in Dodging
 26223 | Snake:2  | Received a gift from Trog
 26252 | Snake:2  | Noticed Vashnia
 26271 | Snake:2  | Killed from afar by a shock serpent

Vault maps used:
D:1:      onia_arrival_larder
D:2:      nemelex_xobeh_ov_fountains_minmay, marbit_many_paths,
          lemuel_round_altar, nicolae_overflow_crystal_walls
D:3:      nicolae_ashenzari_panopticon, chequers_ecumenical_altar_simple
D:4:      first_bread
D:5:      minmay_temple_entry_enclosed_plants
D:6:      zin_treasury, gup_sewer_entry_bubbles
D:7:      vehumet_altar_wand_db
D:8:      gammafunk_temple_overflow_wave, the_bakery, grunt_decor_cap,
          fedhas_altar_3, uniq_pikel
D:9:      minmay_fire_ice_demons
D:10:     basic_altar
D:11:     lair_entry_dummy, minmay_orc_entry_temple_small,
          portal_ice_cave_demonic_guard, serial_shops, shop_statue
D:12:     uniq_nergalle, uniq_kirke
D:13:     lab_entry_generic, minivault_16
D:14:     david_vaults_1, enter_trove_5, enter_bailey_2, minivault_27,
          minmay_misc_feat_hallway, uniq_sonja
D:15:     hangedman_depths_entry_civil_slaughter
Lair:1:   serial_bayou_shore_a
Lair:2:   minmay_swamp_entry_swarm, minmay_snake_entry_guardpost_small,
          minivault_29, uniq_urug
Lair:4:   grunt_megastairs_2
Lair:5:   nicolae_slime_entry_slimehenge
Lair:6:   minmay_lair_end_frog_pond, serial_bayou_shore_b
Snake:1:  minmay_snake_pond, minmay_shoptagon, uniq_rupert, uniq_josephine
Snake:2:  serial_bayou_lagoon_a, uniq_vashnia
Orc:2:    grunt_orc_community_town_hall, grunt_orc_community_big_house_2,
          grunt_orc_community_big_house_2, grunt_orc_community_house_3,
          grunt_orc_community_house_3, grunt_orc_community_house_1,
          grunt_orc_community_house_3, grunt_orc_community_house_3, elf_legates
Lab:      labyrinth_mini_lab
Bailey:   bailey_polearm_5, bailey

Skill      XL: |  1  2  3  4  5  6  7  8  9 10 11 12 13 14 15 16 |
---------------+-------------------------------------------------+-----
Axes           | 4 5 7 8 9 11 13 15 16 17 18 19 20 21 | 21.3
Fighting       | 7 11 12 13 15 16 17 | 17.5
Armour         | 6 10 13 15 16 | 16.3
Evocations     | 4 6 |  6.1
Dodging        | 7 10 | 10.5

Action                   |  1- 3 |  4- 6 |  7- 9 | 10-12 | 13-15 | 16-18 || total
-------------------------+-------+-------+-------+-------+-------+-------++-------
Melee: Hand axe          |    79 |    10 |       |       |       |       ||    89
       Headbutt          |    15 |    24 |    54 |    92 |   175 |    47 ||   407
       War axe           |       |   119 |   274 |    92 |       |       ||   485
       Battleaxe         |       |       |       |   188 |       |       ||   188
       Executioner's axe |       |       |       |   132 |   885 |   233 ||  1250
Invok: Berserk           |     1 |     2 |     7 |    10 |    16 |     6 ||    42
       Burn Spellbooks   |       |     2 |     2 |       |     2 |     1 ||     7
       Trog's Hand       |       |     1 |     2 |     2 |     4 |     3 ||    12
       Brothers in Arms  |       |       |       |     1 |     3 |     2 ||     6
Evoke: Wand              |       |       |       |     8 |     4 |       ||    12
  Use: Scroll            |       |     6 |    13 |     7 |    21 |     7 ||    54
       Potion            |       |       |       |       |       |     1 ||     1
 Stab: Sleeping          |     1 |       |       |       |       |       ||     1
       Petrified         |       |       |       |       |     1 |       ||     1
  Eat: Chunk             |     2 |     9 |     6 |    16 |    59 |    14 ||   106
       Meat ration       |       |       |     1 |     1 |     1 |       ||     3
       Bread ration      |       |       |     1 |     1 |       |       ||     2
       Fruit             |       |       |     1 |     6 |     2 |       ||     9
Armor: Ring mail         |    19 |    39 |       |       |       |       ||    58
       Plate armour      |       |    16 |   125 |   210 |   578 |   151 ||  1080
Dodge: Dodged            |    54 |    58 |    88 |   234 |   655 |   211 ||  1300

Table legend:
 A = Spawn XP
 B = Non-spawn XP
 C = Spawn XP percentage of total XP
 D = Spawn monster count
 E = Non-spawn monster count
 F = Spawn count percentage of total count
 G = Total turns spent on level
                    A         B        C        D         E        F      G
               +---------+---------+-------+---------+---------+-------+---------
         Total |       0 |  194987 |   0.0 |       0 |     922 |   0.0 | 26271
               +---------+---------+-------+---------+---------+-------+---------
           D:1 |       0 |      60 |   0.0 |       0 |      32 |   0.0 |   853
           D:2 |       0 |      28 |   0.0 |       0 |      12 |   0.0 |   598
           D:3 |       0 |      95 |   0.0 |       0 |      32 |   0.0 |   887
           D:4 |       0 |     520 |   0.0 |       0 |      14 |   0.0 |   627
           D:5 |       0 |     272 |   0.0 |       0 |      12 |   0.0 |   574
           D:6 |       0 |    1322 |   0.0 |       0 |      31 |   0.0 |  1454
           D:7 |       0 |    1122 |   0.0 |       0 |      25 |   0.0 |  1014
           D:8 |       0 |    4722 |   0.0 |       0 |      29 |   0.0 |  1271
           D:9 |       0 |    3778 |   0.0 |       0 |      30 |   0.0 |   691
          D:10 |       0 |    5325 |   0.0 |       0 |      36 |   0.0 |   937
          D:11 |       0 |    7646 |   0.0 |       0 |      44 |   0.0 |  1075
          D:12 |       0 |    8305 |   0.0 |       0 |      32 |   0.0 |   772
          D:13 |       0 |    7361 |   0.0 |       0 |      29 |   0.0 |   769
          D:14 |       0 |   15966 |   0.0 |       0 |      41 |   0.0 |  1703
          D:15 |       0 |   11906 |   0.0 |       0 |      27 |   0.0 |  1043
        Lair:1 |       0 |    3828 |   0.0 |       0 |      16 |   0.0 |  1444
        Lair:2 |       0 |    9793 |   0.0 |       0 |      61 |   0.0 |  1016
        Lair:3 |       0 |    6020 |   0.0 |       0 |      23 |   0.0 |   815
        Lair:4 |       0 |   10241 |   0.0 |       0 |      35 |   0.0 |  1052
        Lair:5 |       0 |    2396 |   0.0 |       0 |      15 |   0.0 |   742
        Lair:6 |       0 |   31199 |   0.0 |       0 |     104 |   0.0 |  1649
       Snake:1 |       0 |   18517 |   0.0 |       0 |      41 |   0.0 |  1382
       Snake:2 |       0 |   18729 |   0.0 |       0 |      38 |   0.0 |   872
         Orc:1 |       0 |    3525 |   0.0 |       0 |      24 |   0.0 |   495
         Orc:2 |       0 |   17390 |   0.0 |       0 |      98 |   0.0 |  1405
           Lab |       0 |    1071 |   0.0 |       0 |       1 |   0.0 |   463
        Bailey |       0 |    3850 |   0.0 |       0 |      40 |   0.0 |   668
               +---------+---------+-------+---------+---------+-------+---------
